cohdb
Replays
Latest Replays
All Replays
Popular Replays
Top Player Replays
Match Explorer
How It Works
Community
CoH3 Stats
Reddit
Sign in to upload your games and track your stats! →
Sign in with Steam
Match 47247500
Unlisted
Match 47247500
Overview
Messages
Build Orders
End
Construct Barracks
Riflemen Squad
Riflemen Squad
Grenade Package
Riflemen Squad
Selects Heavy Weapons
Construct Medical Station
Construct Medical Station
Infantry Support Center
Selects Assault Carriers
Construct Weapon Support Center
M3 Assault Carrier
Selects Exchangeable Parts
M1918 Browning Automatic Rifles
Riflemen Squad
Construct Motor Pool
Engineer Squad
M1 Anti-tank Gun Team
.30 cal Machine Gun
Survival Training
Advanced Logistics
M3 Assault Carrier
Construct Tank Depot
.30 cal Machine Gun
M4A1 Sherman Medium Tank
最后一战
Wh1teLoki
Scilless
FLOKL
[VN]Valkyrie
Vergil
0
0
Comments
sign in to comment!
No comments posted yet!